 Dungeon Crawl Stone Soup version 0.17-a0-1497-g03599f7 (console) character file.

103 Monkaria the Bolt Thrower (level 4, 0/39 HPs)
             Began as a Minotaur Wanderer on July 6, 2015.
             Slain by an orc
             ... wielding a cursed +0 club
              (3 damage)
             ... on level 3 of the Dungeon.
             The game lasted 00:03:00 (2003 turns).

Monkaria the Bolt Thrower (Minotaur Wanderer)       Turns: 2003, Time: 00:03:00

Health: 0/39       AC:  2    Str: 18    XL:     4   Next: 51%
Magic:  4/4        EV: 11    Int:  8    God:
Gold:   113        SH:  0    Dex: 10    Spells: 0 memorised, 3 levels left

rFire  . . .     SeeInvis .     n - +0 spear
rCold  . . .     Clarity  .     d - +0 robe
rNeg   . . .     SustAt   .     (no shield)
rPois  .         Gourm    .     (helmet restricted)
rElec  .         Spirit   .     (no cloak)
rCorr  .         Warding  .     (no gloves)
rMut   .         Stasis   .     (no boots)
MR     .....                    (no amulet)
Stlth  +.........               (no ring)
                                (no ring)

@: not resistant to hostile enchantments, very unstealthy
A: retaliatory headbutt, horns 2
a: no special abilities


You were on level 3 of the Dungeon.
You were not hungry.

You visited 1 branch of the dungeon, and saw 3 of its levels.

You collected 113 gold pieces.

Inventory:

Hand weapons
 a - a +2 hand crossbow
 n - a +0 spear (weapon)
Missiles
 b - 36 bolts
Armour
 d - a +0 robe (worn)
Scrolls
 i - 2 scrolls of remove curse {unknown}
 l - a scroll of immolation {unknown}
 p - 2 scrolls of random uselessness {unknown}
 q - a scroll of enchant weapon {unknown}
 r - a scroll of enchant armour {unknown}
Potions
 c - 3 potions of curing
 h - a potion of agility
 j - a potion of degeneration
 m - a potion of resistance
Comestibles
 e - a bread ration
 f - 2 meat rations
 o - 7 fruits


   Skills:
 - Level 3.6 Fighting
 + Level 2.5 Polearms
   Level 1.1 Bows
 - Level 4.1 Crossbows
 - Level 3.6 Armour
   Level 1.7 Evocations


You had 3 spell levels left.
You didn't know any spells.

Dungeon Overview and Level Annotations

Branches:
Dungeon (3/15)

Altars:
Ru
Trog
Xom


Innate Abilities, Weirdness & Mutations

You reflexively headbutt those who attack you in melee.
You have a pair of horns on your head.


Message History

The kobold closely misses you. You furiously retaliate!
You headbutt the kobold.
You kill the kobold!
The orc priest closely misses you. The orc closely misses you.
The kobold barely misses you. You furiously retaliate!
You headbutt the kobold.
You kill the kobold!
You barely miss the orc priest.
The orc hits you with a dagger of protection.
The orc hits you with a whip.
You hit the orc but do no damage.
The orc hits you with a dagger of protection.
The orc closely misses you. You furiously retaliate!
You headbutt the orc. The orc barely misses you.
You closely miss the orc.
The orc hits you with a dagger of protection.
* * * LOW HITPOINT WARNING * * *
The orc hits you with a falchion.
* * * LOW HITPOINT WARNING * * *
The orc hits you with a club.
You die...

......(.........#.#...........#.#
%......#..........####........#..
...######...##.#..# #...........
#### #.####..(.##############.
..#.......(.(.## #.
..#...........(.## #.
..#.%.........(...########.
..........(.(...........
.....oo@o(..............
.....Koog...............
≈....≈≈K.≈.≈(≈≈≈.≈...≈..
≈....≈K≈≈≈≈≈≈≈≈≈≈≈≈≈≈≈≈≈
≈....≈≈≈≈≈≈≈≈≈≈≈≈≈≈≈≈≈≈≈
≈.....≈≈≈≈≈≈≈≈≈≈≈≈≈≈≈≈≈≈
##''#################### #... #..


You could see an orc priest, 4 orcs, a goblin and 3 kobolds.

Vanquished Creatures
  An orc priest (D:3)
  3 adders
  A worm (D:2)
  9 bats
  3 giant cockroaches
  7 hobgoblins
  8 kobolds
  A quokka (D:3)
  4 giant newts
  3 goblins
  7 rats
47 creatures vanquished.

Notes
Turn   | Place    | Note
--------------------------------------------------------------
     0 | D:1      | Monkaria the Minotaur Wanderer began the quest for the Orb.
     0 | D:1      | Monkaria set off with: a +2 hand crossbow, 22 bolts, 2 potions of curing, a +0 robe, a bread ration
     0 | D:1      | Reached XP level 1. HP: 19/19 MP: 1/1
   304 | D:1      | Reached XP level 2. HP: 26/26 MP: 2/2
   901 | D:2      | Reached XP level 3. HP: 31/31 MP: 3/3
  1068 | D:2      | Found a shimmering altar of Xom.
  1285 | D:2      | Found a sacrificial altar of Ru.
  1603 | D:3      | Reached skill level 4 in Crossbows
  1925 | D:3      | Found a bloodstained altar of Trog.
  1943 | D:3      | Reached XP level 4. HP: 37/39 MP: 4/4
  1995 | D:3      | Reached skill level 1 in Polearms
  2003 | D:3      | Slain by an orc

Vault maps used:
D:1:      dpeg_arrival_chambers_temple_mockup
D:2:      lemuel_round_altar, nicolae_overflow_crystal_walls
D:3:      minmay_goblin_kobold_castle, overflow_temple_1_default, bloody_trog,
          minmay_snake_closets

Action                   |  1- 3 |  4- 6 || total
-------------------------+-------+-------++-------
Melee: Spear             |    57 |    10 ||    67
 Fire: Hand crossbow     |    41 |       ||    41
  Use: Scroll            |       |     4 ||     4
       Potion            |       |     1 ||     1
 Stab: Sleeping          |     1 |       ||     1
  Eat: Chunk             |     3 |       ||     3
